 Seeded DCSS version 0.31-a0-521-gc7390f8997 (webtiles) character file.

Game seed: 17143295287354701534 (custom seed)

121 innerfire43 the Ruffian (level 5, -4/40 HPs)
             Began as a Gnoll Shapeshifter on Aug 10, 2023.
             Killed from afar by a white imp (6 damage)
             ... with a puff of frost
             ... on level 1 of the Dungeon.
             The game lasted 00:00:58 (1254 turns).

innerfire43 the Ruffian (Gnoll Shapeshifter)        Turns: 1254, Time: 00:00:58

Health: -4/40      AC:  2    Str: 15    XL:     5   Next: 5%
Magic:  5/7        EV: 14    Int:  7    God:
Gold:   86         SH:  0    Dex: 14    Spells: 6/6 levels left

rFire   . .          .
                       - Unarmed
rCold   . . .        (no shield)
rNeg    . . .        a - +0 animal skin
rPois   .            (helmet currently unavailable)
rElec   .            (cloak currently unavailable)
rCorr   .            (gloves currently unavailable)
SInv    .            (boots currently unavailable)
Will    .....        (no amulet)
Stlth   ++           (no ring)
HPRegen 0.26/turn    (no ring)
MPRegen 0.10/turn

%: no passive effects
@: beast-form
A: beast (slay +4), fangs 1, strong nose, distributed training
a: Begin Untransformation


You were on level 1 of the Dungeon.
You were a hulking beast.
You visited 1 branch of the dungeon, and saw 1 of its levels.

You collected 86 gold pieces.

Inventory:

Armour
 a - a +0 animal skin (worn)
Talismans
 c - a beast talisman (active)
 d - a flux talisman
 f - a talisman of death
Scrolls
 e - a scroll of teleportation {unknown}
 g - a scroll of torment {unknown}
 i - a scroll of identify {unknown}
 j - a scroll of blinking {unknown}
Potions
 b - a potion of lignification
 h - a potion of ambrosia {unknown}


   Skills:
 + Level 2.9 Fighting
 + Level 1.3 Short Blades
 + Level 1.3 Long Blades
 + Level 1.3 Axes
 + Level 1.3 Maces & Flails
 + Level 1.3 Polearms
 + Level 1.3 Staves
 + Level 1.3 Ranged Weapons
 + Level 1.3 Throwing
 + Level 1.3 Armour
 + Level 4.7 Dodging
 + Level 1.3 Stealth
 + Level 1.3 Shields
 + Level 6.6 Unarmed Combat
 + Level 1.3 Spellcasting
 + Level 1.1 Conjurations
 + Level 1.1 Hexes
 + Level 1.1 Summonings
 + Level 1.1 Necromancy
 + Level 1.1 Translocations
 + Level 1.1 Transmutations
 + Level 1.1 Fire Magic
 + Level 1.1 Ice Magic
 + Level 1.1 Air Magic
 + Level 1.1 Earth Magic
 + Level 1.1 Poison Magic
 + Level 1.5 Invocations
 + Level 1.3 Evocations
 + Level 6.6 Shapeshifting


You had 6 spell levels left.
You didn't know any spells.
Your spell library contained the following spells:

 Spells                   Type           Power      Damage    Failure   Level
 Cigotuvi's Dreadful Rot  Necr/Pois/Air  4%         N/A       36%         2
 Dispel Undead            Necr           2%         3d7       95%         4
 Death Channel            Necr           1%         N/A       100%        6


Dungeon Overview and Level Annotations

Branches:
Dungeon (1/15)

Altars:
Lugonu

Portals:
Abyss: D:1


Innate Abilities, Weirdness & Mutations

You are a hulking beast.
Your limbs bulge with bestial killing power. (Slay +4)
You have very sharp teeth.
Your uncanny sense of smell can sniff out nearby items.
Your experience applies equally to all skills.


Message History

The shadow imp is moderately wounded.
The shadow imp barely misses you.
Unknown command.
You hit the shadow imp.
The shadow imp is almost dead.
The shadow imp hits you.
Unknown command.
You hit the shadow imp.
You kill the shadow imp!
You have reached level 5!
The crimson imp picks up a beetle and eats it.
The crimson imp misses you.
You see here a hobgoblin corpse.
Unknown command.
You barely miss the crimson imp. You bite the crimson imp.
The crimson imp is lightly wounded.
The crimson imp blinks!
The white imp gestures at you. The puff of frost hits you.
Unknown command.
The crimson imp closely misses you. The white imp hits you.
The white imp freezes you.
* * * LOW HITPOINT WARNING * * *
You see here a hobgoblin corpse.
You see here a hobgoblin corpse.
Unknown command.
The crimson imp blinks! x2
The shadow imp shouts, "Escape, thou lumpish two-tin-hat strumpet!"
The white imp completely misses you.
You see here a hobgoblin corpse.
You punch the white imp!
The white imp is severely wounded.
The white imp gestures at you. The puff of frost hits you!
* * * LOW HITPOINT WARNING * * *
You punch the white imp!
You kill the white imp!
The white imp gestures at you. The puff of frost hits you.
You die...

#################################
........................>........
##########################..#####
###########################.#
##.........5.55†h.........#.#
...#....#...#5r########...#.#
#...###...##§5## 5...#...#.#
...#.#...#...#####....#...#.#
...#.........8.#.#r∩..#...#.#
.#..##.##.....gg55....#...#.#
.##............555....#...#.#
.....##......8.#5#5_..#.....#
#...#..#.....#####55..#...#.#


You could see 2 crimson imps, a white imp, a shadow imp, an ufetubus and a
quokka.

Vanquished Creatures
  A quasit (D:1)
  An iron imp (D:1)
  4 shadow imps (D:1)
  A white imp (D:1)
  2 ball pythons (D:1)
  An endoplasm (D:1)
  2 giant cockroaches (D:1)
  3 goblins (D:1)
  4 hobgoblins (D:1)
  3 quokkas (D:1)
  4 bats (D:1)
  A frilled lizard (D:1)
  4 kobolds (D:1)
  2 rats (D:1)
33 creatures vanquished.

Notes
Turn   | Place    | Note
-------+----------+-------------------------------------------
     0 | D:1      | innerfire43 the Gnoll Shapeshifter began the quest for the
                  | Orb.
     0 | D:1      | Reached XP level 1. HP: 17/17 MP: 1/1
   113 | D:1      | Found a large runed translucent door.
   113 | D:1      | Found a large runed translucent door.
   113 | D:1      | Found a one-way gate to the infinite horrors of the Abyss.
   115 | D:1      | Noticed a quasit
   115 | D:1      | Found a corrupted altar of Lugonu.
   115 | D:1      | Noticed an iron imp
   115 | D:1      | Noticed a crimson imp
   115 | D:1      | Noticed a crimson imp
   312 | D:1      | Reached XP level 2. HP: 23/23 MP: 2/2
   852 | D:1      | Reached XP level 3. HP: 26/28 MP: 3/3
  1220 | D:1      | Reached skill level 1 in Short Blades
  1220 | D:1      | Reached skill level 1 in Long Blades
  1220 | D:1      | Reached skill level 1 in Axes
  1220 | D:1      | Reached skill level 1 in Maces & Flails
  1220 | D:1      | Reached skill level 1 in Polearms
  1220 | D:1      | Reached skill level 1 in Staves
  1220 | D:1      | Reached skill level 1 in Ranged Weapons
  1220 | D:1      | Reached skill level 1 in Throwing
  1220 | D:1      | Reached skill level 1 in Armour
  1220 | D:1      | Reached skill level 1 in Stealth
  1220 | D:1      | Reached skill level 1 in Shields
  1220 | D:1      | Reached skill level 1 in Spellcasting
  1220 | D:1      | Reached skill level 1 in Invocations
  1220 | D:1      | Reached skill level 1 in Evocations
  1222 | D:1      | Reached XP level 4. HP: 19/34 MP: 3/5
  1238 | D:1      | Reached skill level 1 in Conjurations
  1238 | D:1      | Reached skill level 1 in Hexes
  1238 | D:1      | Reached skill level 1 in Summonings
  1238 | D:1      | Reached skill level 1 in Necromancy
  1238 | D:1      | Reached skill level 1 in Translocations
  1238 | D:1      | Reached skill level 1 in Transmutations
  1238 | D:1      | Reached skill level 1 in Fire Magic
  1238 | D:1      | Reached skill level 1 in Ice Magic
  1238 | D:1      | Reached skill level 1 in Air Magic
  1238 | D:1      | Reached skill level 1 in Earth Magic
  1238 | D:1      | Reached skill level 1 in Poison Magic
  1247 | D:1      | Reached XP level 5. HP: 22/40 MP: 5/7
  1253 | D:1      | HP: 2/40 [white imp/puff of frost (11)]
  1254 | D:1      | Killed from afar by a white imp

Illustrated notes

Levels and vault maps discovered:
D:1:      erik_arrival_cave_to_civilisation [erik_arrival_cave_to_temple],
          layout_basic, roderic_lattice_a, minmay_indecisive_spiral

Skill      XL: |  1  2  3  4 |
---------------+-------------+-----
Short Blades   | 1 |  1.3
Long Blades    | 1 |  1.3
Axes           | 1 |  1.3
Maces & Flails | 1 |  1.3
Polearms       | 1 |  1.3
Staves         | 1 |  1.3
Ranged Weapons | 1 |  1.3
Throwing       | 1 |  1.3
Armour         | 1 |  1.3
Stealth        | 1 |  1.3
Shields        | 1 |  1.3
Spellcasting   | 1 |  1.3
Invocations    | 1 |  1.5
Evocations     | 1 |  1.3
Conjurations   | 1 |  1.1
Hexes          | 1 |  1.1
Summonings     | 1 |  1.1
Necromancy     | 1 |  1.1
Translocations | 1 |  1.1
Transmutations | 1 |  1.1
Fire Magic     | 1 |  1.1
Ice Magic      | 1 |  1.1
Air Magic      | 1 |  1.1
Earth Magic    | 1 |  1.1
Poison Magic   | 1 |  1.1
Fighting       | |  2.9
Dodging        | |  4.7
Unarmed Combat | |  6.6
Shapeshifting  | |  6.6

Action                     |  1- 3 |  4- 6 || total
---------------------------+-------+-------++-------
  Melee: Unarmed           |    47 |    24 ||    71
         Punch             |     1 |     1 ||     2
         Bite              |     1 |     5 ||     6
   Stab: Sleeping          |     3 |       ||     3
 Armour: Animal skin       |    11 |     2 ||    13
  Dodge: Dodged            |    48 |    11 ||    59

Table legend: (Time is in decaauts)
 A = Elapsed time spent in this place.
 B = Non-inter-level travel time spent in this place.
 C = Inter-level travel time spent in this place.
 D = Time resting spent in this place.
 E = Time spent auto-exploring this place.
 F = Levels seen in this place.
 G = Mean time per level.
                   A        B        C        D        E       F      G
               +--------+--------+--------+--------+--------+-----+--------+
         Total |   1245 |   1235 |     10 |      0 |   1079 |   1 | 1245.0 |
       Dungeon |   1245 |   1235 |     10 |      0 |   1079 |   1 | 1245.0 |
               +--------+--------+--------+--------+--------+-----+--------+

Top non-repeatable levels by time:
     D:1: 1245 daAuts
